AoeStats
← Tarongil

Nomad

509938959Analyzed
4v4 RM · 4d ago on Sep 28, 2026· 46m 40s· 8 players
Game mode
Random Map
Map size
231×231
Population
200
Speed
Normal
Resources
Standard
Victory
Conquest
Starting age
Dark Age
Ending age
Imperial Age
RankedLock teamsTeams togetherTeam positionsShared explorationLock speedFull tech treeHidden civsTurbo modeCheats
Victory
Defeat
🇸🇪 Danes · Sweden
1298
+8
🇸🇪 Saxons · Sweden
1173
+12
🇬🇧 Varangians · United Kingdom
1157
+13
🇸🇪 Huns · Sweden
1016
+18
🇺🇸 Burgundians · United States
1135
-15
🇩🇪 Sicilians · Germany
1109
-14
🇨🇿 Persians · Czechia
1046
-11
🇩🇪 Bohemians · Germany
1042
-11
7shuttlecock
5:55 Loom
12:01 Feudal Age
12:43 Double-Bit Axe
15:42 Fletching
28:33 Wheelbarrow
29:40 Town Watch
34:32 Castle Age
33:50 Padded Archer Armor
33:59 Fishing Lines
35:05 Bloodlines
35:05 Horse Collar
35:50 Gillnets
38:10 Bodkin Arrow
Apostate of Hate
5:00 Loom
14:57 Feudal Age
13:52 Double-Bit Axe
13:53 Horse Collar
28:36 Castle Age
27:32 Gold Mining
27:55 Bow Saw
27:48 Heavy Plow
27:54 Stone Mining
29:55 Forging
30:16 Town Watch
30:30 Fletching
30:01 Cavalier
31:21 Husbandry
32:03 Wheelbarrow
33:57 Scale Barding Armor
40:24 Hand Cart
42:09 Burgundian Vineyards
47:00 Imperial Age
Kabale
5:35 Loom
14:48 Feudal Age
15:18 Double-Bit Axe
17:21 Wheelbarrow
24:15 Castle Age
25:28 Pikeman
26:08 Squires
29:57 Scale Mail Armor
32:21 Padded Archer Armor
43:44 Imperial Age
Haribo
5:13 Loom
12:46 Feudal Age
18:46 Castle Age
17:21 Scale Barding Armor
20:24 Husbandry
20:35 Bloodlines
20:31 Fishing Lines
21:57 Gillnets
23:50 Chain Barding Armor
23:35 Double-Bit Axe
27:31 Horse Collar
30:51 Heavy Plow
31:18 Bow Saw
35:02 Medium Warships
35:52 Forging
36:18 Demolition Ship
38:17 Iron Casting
37:35 Fletching
39:05 Wheelbarrow
38:17 Town Watch
39:00 Bodkin Arrow
41:51 Imperial Age
39:51 Ballistics
40:43 Hand Cart
40:33 Town Patrol
43:34 Plate Barding Armor
42:44 Cavalier
46:01 Two-Man Saw
tommybee
4:02 Loom
15:28 Feudal Age
23:16 Castle Age
22:48 Double-Bit Axe
25:21 Wheelbarrow
25:31 Scale Barding Armor
25:36 Forging
26:43 Bloodlines
27:51 Hand Cart
28:02 Chain Barding Armor
28:39 Husbandry
33:19 Horse Collar
35:01 Vendel Legacy
41:32 Gold Mining
44:20 Imperial Age
44:54 Iron Casting
44:25 Fishing Lines
44:30 Cavalier
46:18 Conscription
adam.stendahl
17:59 Loom
24:17 Feudal Age
27:55 Feudal Age
33:59 Double-Bit Axe
33:59 Horse Collar
35:06 Fishing Lines
41:31 Gold Mining
45:10 Castle Age
hillpwn
3:52 Loom
15:22 Feudal Age
17:26 Double-Bit Axe
17:28 Town Watch
20:10 Castle Age
20:40 Horse Collar
21:38 Bow Saw
23:39 Fishing Lines
24:38 Sanctity
25:10 Forging
25:08 Pikeman
26:37 Gillnets
28:58 Wheelbarrow
28:43 Scale Mail Armor
29:22 Fletching
29:58 Town Patrol
31:22 Iron Casting
31:42 Heavy Plow
31:33 Gold Mining
32:42 Chain Mail Armor
32:25 Gold Mining
33:57 Squires
34:50 Bodkin Arrow
36:01 Careening
37:29 Ballistics
40:19 Imperial Age
39:37 Gold Shaft Mining
39:24 Treadmill Crane
41:22 Block Printing
40:34 Halberdier
40:35 Elite Varangian Guard
41:46 Elite Longship
46:39 Hand Cart
46:59 Arson
47:00 Gambesons
Tarongil
5:00 Loom
13:31 Feudal Age
17:10 Castle Age
15:45 Double-Bit Axe
17:59 Fletching
18:11 Scale Mail Armor
18:26 Bow Saw
19:52 Forging
20:08 Horse Collar
24:38 Chain Mail Armor
26:33 Wheelbarrow
28:26 Heavy Plow
28:48 Gold Mining
28:49 Stone Mining
29:22 Hamask
30:51 Iron Casting
30:47 Arson
31:02 Squires
34:10 Hand Cart
34:10 Fishing Lines
38:18 Imperial Age
36:07 Bodkin Arrow
36:16 Town Watch
39:49 Conscription
40:46 Plate Mail Armor
41:24 Elite Varangian Guard
43:38 Blast Furnace
44:14 Chemistry
43:56 Bracer
43:32 Onager
45:01 Ballistics
44:44 Northmen's Fury
46:01 Hoardings
46:12 Siege Engineers
46:03 Gambesons
46:19 Heavy Scorpion
46:22 Elite Jomsviking
Connection lost

Rejoining the realm…

Still unreachable

The connection could not be restored.

Session expired

The server has moved on; the page needs a fresh start.